Map: Cosmic Sapphire

Players

A.I. 1 (Harder)

  • Race: Zerg Zerg
  • Spawn Location: 11:00

Tino

  • Race: Protoss Protoss
  • Spawn Location: 5:00

VOD

Have the link to the VOD?

Description

Time

  • Played on: Feb. 2, 2023, 4:02 p.m.
  • Length: 29:16
Show
View Real Time Build Order
Export as new Build Order

A.I. 1 (Harder) Zerg 

Build Orders: Hatch First 

Get SALT Encoding   

  12  0:00  Overlord, Protoss Ground Weapons Level 3, Protoss Shields Level 3, Protoss Ground Armor Level 3  
  12  0:06  Drone x12  
    0:08  Zerg Flyer Armor Level 3, Zerg Melee Weapons Level 3, Terran Ship Weapons Level 3, Terran Infantry Armor Level 3, Protoss Air Armor Level 3, Protoss Air Weapons Level 3, Terran Infantry Weapons Level 3, Zerg Missile Weapons Level 3, Terran Vehicle Weapons Level 3, Terran Vehicle And Ship Armor Level 3, Zerg Flyer Weapons Level 3, Zerg Ground Armor Level 3  
    0:18  Unknown  
    0:20  Protoss Ground Armor Level 2, Drone, Protoss Ground Weapons Level 2, Protoss Shields Level 2  
  13  0:29  Drone, Terran Infantry Weapons Level 2, Terran Vehicle And Ship Armor Level 2, Terran Vehicle Weapons Level 2, Protoss Air Weapons Level 2, Zerg Missile Weapons Level 2, Zerg Flyer Weapons Level 2, Terran Infantry Armor Level 2, Terran Ship Weapons Level 2, Zerg Melee Weapons Level 2, Zerg Ground Armor Level 2, Zerg Flyer Armor Level 2, Protoss Air Armor Level 2  
  14  0:43  Protoss Ground Weapons Level 1, Protoss Shields Level 1, Protoss Ground Armor Level 1  
  14  0:44  Overlord, Hyperflight Rotors, Blink  
  14  0:51  Terran Infantry Armor Level 1, Terran Vehicle Weapons Level 1, Zerg Flyer Weapons Level 1, Zerg Flyer Armor Level 1, Terran Vehicle And Ship Armor Level 1, Zerg Ground Armor Level 1, Protoss Air Armor Level 1, Terran Ship Weapons Level 1, Zerg Melee Weapons Level 1, Terran Infantry Weapons Level 1, Zerg Missile Weapons Level 1, Protoss Air Weapons Level 1  
  14  1:02  Drone  
  14  1:03  Drone x2  
  17  1:05  Weapon Refit, Resonating Glaives, Neosteel Armor, Warp Gate, Charge, Mag-Field Accelerator, Shadow Stride, Extended Thermal Lance, Stimpack  
  17  1:12  Adrenal Glands  
  17  1:13  Drone  
  18  1:19  Personal Cloaking  
  18  1:26  Chitinous Plating, Combat Shield, Drilling Claws, Neosteel Frame, Psionic Storm, Neural Parasite, Centrifugal Hooks, Smart Servos, Cloaking Field, Enhanced Shockwaves, Corvid Reactor, Metabolic Boost, Infernal Pre-Igniter, Durable Materials, Tunneling Claws, Advanced Ballistics, Glial Reconstitution  
  18  1:34  Burrow, Grooved Spines, Muscular Augments  
  18  1:36  Hatchery  
  17  1:41  Anion Pulse-Crystals  
  17  1:48  Gravitic Boosters, Adaptive Talons, Gravitic Drive, Hi-Sec Auto Tracking, Rapid Reignition System, Pathogen Glands, Flux Vanes, Seismic Spines  
  17  1:53  Spawning Pool  
  16  1:56  Drone  
  17  2:01  Drone  
  17  2:02  Pneumatized Carapace, Anabolic Synthesis, Concussive Shells  
  17  2:05  Extractor  
  18  2:08  Drone  
  18  2:18  Overlord  
  18  2:23  Drone  
  19  2:43  Overlord  
  22  2:45  Unknown  
  22  2:49  Drone x12  
    3:01  Unknown  
    3:03  Drone  
  13  3:09  Drone  
  14  3:19  Overlord  
  14  3:38  Drone  
  14  3:39  Drone x2  
  17  4:01  Hatchery  
  16  4:25  Hatchery  
  15  4:49  Hatchery  
  15  4:51  Extractor  
  13  4:59  Extractor  
  12  5:13  Spawning Pool  
  11  5:40  Drone  
  12  5:46  Drone  
  13  5:52  Drone  
  14  6:02  Queen  
  16  6:13  Roach Warren  
  15  6:33  Drone  
  16  6:53  Roach  
  18  7:05  Roach  
  18  7:07  Drone  
  22  7:15  Drone  
  22  7:17  Roach  
  22  7:21  Drone  
  25  7:27  Drone  
  26  7:34  Drone  
  27  7:40  Drone  
  28  7:45  Drone  
  28  7:50  Drone  
  30  7:55  Drone  
  31  8:00  Drone  
  32  8:08  Overlord  
  32  8:11  Drone  
  33  8:16  Drone  
  33  8:19  Zergling x2  
  35  8:31  Roach  
  37  8:40  Overlord  
  37  8:43  Roach  
  41  8:55  Roach  
  41  9:06  Overlord  
  41  9:14  Evolution Chamber  
  40  9:20  Drone  
  41  9:35  Evolution Chamber  
  40  9:39  Drone  
  40  9:41  Zerg Melee Weapons Level 1  
  41  10:00  Overlord  
  41  10:13  Pneumatized Carapace  
  41  10:14  Spore Crawler  
  41  10:15  Drone  
  41  10:22  Drone, Spore Crawler  
  40  11:33  Protoss Ground Weapons Level 3, Protoss Shields Level 3, Protoss Ground Armor Level 3  
  40  11:44  Zerg Flyer Armor Level 3, Zerg Melee Weapons Level 3, Terran Ship Weapons Level 3, Terran Infantry Armor Level 3, Protoss Air Armor Level 3, Protoss Air Weapons Level 3, Terran Infantry Weapons Level 3, Zerg Missile Weapons Level 3, Terran Vehicle Weapons Level 3, Terran Vehicle And Ship Armor Level 3, Zerg Flyer Weapons Level 3, Zerg Ground Armor Level 3  
  40  11:51  Zergling x2  
  40  11:56  Protoss Ground Armor Level 2, Protoss Shields Level 2, Protoss Ground Weapons Level 2  
  40  12:05  Terran Infantry Weapons Level 2, Terran Vehicle And Ship Armor Level 2, Terran Vehicle Weapons Level 2, Protoss Air Weapons Level 2, Zerg Missile Weapons Level 2, Zerg Flyer Weapons Level 2, Terran Infantry Armor Level 2, Terran Ship Weapons Level 2, Zerg Melee Weapons Level 2, Zerg Ground Armor Level 2, Zerg Flyer Armor Level 2, Protoss Air Armor Level 2  
  40  12:08  Overlord, Zergling x4  
  40  12:09  Zergling x2  
  40  12:10  Roach, Zergling x4  
  40  12:13  Roach  
  41  12:18  Roach  
  41  12:19  Protoss Ground Weapons Level 1, Protoss Shields Level 1, Zergling x2, Protoss Ground Armor Level 1  
  41  12:20  Hyperflight Rotors, Blink, Queen  
  41  12:21  Roach  
  45  12:27  Terran Infantry Armor Level 1, Terran Vehicle Weapons Level 1, Zerg Flyer Weapons Level 1, Zerg Flyer Armor Level 1, Terran Vehicle And Ship Armor Level 1, Zergling x2, Zerg Ground Armor Level 1, Protoss Air Armor Level 1, Terran Ship Weapons Level 1, Zerg Melee Weapons Level 1, Terran Infantry Weapons Level 1, Zerg Missile Weapons Level 1, Protoss Air Weapons Level 1  
  45  12:28  Zergling x2  
  45  12:29  Zergling x2  
  45  12:30  Zergling x4  
  45  12:32  Roach x3  
  45  12:37  Roach  
  45  12:38  Zergling x2  
  45  12:41  Weapon Refit, Resonating Glaives, Neosteel Armor, Warp Gate, Charge, Mag-Field Accelerator, Shadow Stride, Extended Thermal Lance, Stimpack  
  45  12:44  Roach  
  45  12:46  Roach  
  45  12:48  Adrenal Glands, Zergling x2  
  45  12:50  Zergling x2  
  40  12:53  Drone  
  40  12:55  Personal Cloaking  
  40  12:56  Zergling x2  
  31  13:02  Chitinous Plating, Combat Shield, Drilling Claws, Neosteel Frame, Psionic Storm, Neural Parasite, Centrifugal Hooks, Smart Servos, Cloaking Field, Enhanced Shockwaves, Corvid Reactor, Metabolic Boost, Infernal Pre-Igniter, Durable Materials, Tunneling Claws, Advanced Ballistics, Glial Reconstitution  
  23  13:10  Burrow, Grooved Spines, Muscular Augments  
  17  13:13  Zergling x2  
  17  13:17  Anion Pulse-Crystals  
  17  13:18  Roach, Zergling x2  
  22  13:20  Zergling x4  
  22  13:24  Gravitic Boosters, Adaptive Talons, Gravitic Drive, Hi-Sec Auto Tracking, Zergling x2, Rapid Reignition System, Pathogen Glands, Flux Vanes, Seismic Spines  
  20  13:38  Pneumatized Carapace, Anabolic Synthesis, Concussive Shells  
  13  13:43  Drone  
  7  13:50  Drone  
  2  14:20  Overlord  
  2  14:21  Unknown  
    14:26  Drone x12  
    14:38  Unknown  
    14:40  Drone  
  13  14:47  Drone  
  14  14:57  Overlord  
  14  15:16  Drone  
  15  15:29  Hatchery  
  14  15:55  Hatchery  
  13  16:01  Extractor  
  12  16:08  Extractor  
  11  16:22  Spawning Pool  
  10  16:47  Drone  
  11  16:56  Drone  
  13  17:01  Drone  
  13  17:08  Drone  
  14  17:12  Queen  
  16  17:28  Roach Warren  
  15  17:34  Protoss Ground Weapons Level 3, Protoss Shields Level 3, Protoss Ground Armor Level 3  
  15  17:43  Drone  
  16  17:45  Zerg Flyer Armor Level 3, Zerg Melee Weapons Level 3, Terran Ship Weapons Level 3, Terran Infantry Armor Level 3, Protoss Air Armor Level 3, Protoss Air Weapons Level 3, Terran Infantry Weapons Level 3, Zerg Missile Weapons Level 3, Terran Vehicle Weapons Level 3, Terran Vehicle And Ship Armor Level 3, Zerg Flyer Weapons Level 3, Zerg Ground Armor Level 3  
  16  17:57  Protoss Ground Armor Level 2, Protoss Shields Level 2, Protoss Ground Weapons Level 2  
  16  18:06  Terran Infantry Weapons Level 2, Terran Vehicle And Ship Armor Level 2, Terran Vehicle Weapons Level 2, Protoss Air Weapons Level 2, Zerg Missile Weapons Level 2, Zerg Flyer Weapons Level 2, Terran Infantry Armor Level 2, Terran Ship Weapons Level 2, Zerg Melee Weapons Level 2, Zerg Ground Armor Level 2, Zerg Flyer Armor Level 2, Protoss Air Armor Level 2  
  16  18:08  Roach  
  18  18:20  Protoss Ground Weapons Level 1, Protoss Shields Level 1, Protoss Ground Armor Level 1  
  18  18:21  Hyperflight Rotors, Blink  
  18  18:28  Terran Infantry Armor Level 1, Terran Vehicle Weapons Level 1, Zerg Flyer Weapons Level 1, Zerg Flyer Armor Level 1, Terran Vehicle And Ship Armor Level 1, Zerg Ground Armor Level 1, Protoss Air Armor Level 1, Terran Ship Weapons Level 1, Zerg Melee Weapons Level 1, Terran Infantry Weapons Level 1, Zerg Missile Weapons Level 1, Protoss Air Weapons Level 1  
  18  18:33  Drone  
  19  18:40  Drone  
  20  18:42  Weapon Refit, Resonating Glaives, Neosteel Armor, Warp Gate, Charge, Mag-Field Accelerator, Shadow Stride, Extended Thermal Lance, Stimpack  
  20  18:46  Drone  
  21  18:49  Adrenal Glands  
  21  18:53  Drone  
  22  18:56  Personal Cloaking  
  22  19:03  Chitinous Plating, Combat Shield, Drilling Claws, Neosteel Frame, Psionic Storm, Neural Parasite, Centrifugal Hooks, Smart Servos, Cloaking Field, Enhanced Shockwaves, Corvid Reactor, Metabolic Boost, Infernal Pre-Igniter, Durable Materials, Tunneling Claws, Advanced Ballistics, Glial Reconstitution  
  22  19:05  Overlord  
  22  19:11  Drone, Burrow, Grooved Spines, Muscular Augments  
  22  19:16  Drone  
  24  19:18  Anion Pulse-Crystals  
  24  19:22  Drone  
  25  19:25  Gravitic Boosters, Adaptive Talons, Gravitic Drive, Hi-Sec Auto Tracking, Rapid Reignition System, Pathogen Glands, Flux Vanes, Seismic Spines  
  25  19:27  Drone  
  26  19:31  Drone  
  26  19:36  Drone  
  28  19:39  Pneumatized Carapace, Anabolic Synthesis, Concussive Shells  
  28  19:41  Drone  
  28  19:44  Drone  
  30  19:46  Overlord  
  30  19:55  Drone  
  31  20:02  Evolution Chamber  
  31  20:03  Drone  
  31  20:11  Evolution Chamber  
  30  20:20  Overlord  
  32  20:22  Unknown  
  32  20:26  Drone x12  
    20:38  Unknown  
    20:40  Drone  
  13  21:14  Hatchery  
  12  21:43  Hatchery  
  11  22:17  Hatchery  
  11  22:22  Extractor  
  9  22:34  Extractor  
  8  22:45  Drone  
  8  22:46  Drone  
  8  22:47  Drone  
  11  22:55  Drone  
  12  23:03  Drone  
  13  23:09  Drone  
  14  23:34  Spawning Pool  
  13  24:01  Drone  
  14  24:23  Queen  
  16  24:27  Roach Warren  
  15  24:38  Drone  
  16  25:07  Roach  
  16  25:11  Roach  
  20  25:14  Roach  
  22  25:37  Overlord  
  22  25:57  Drone  
  22  26:03  Drone  
  24  26:09  Drone  
  25  26:16  Drone  
  26  26:23  Drone  
  27  26:29  Drone  
  28  26:36  Overlord  
  28  26:44  Drone  
  29  26:49  Drone  
  29  26:53  Drone  
  31  26:57  Drone  
  32  27:02  Drone  
  32  27:06  Drone  
  34  27:13  Evolution Chamber  
  34  27:15  Drone  
  34  27:24  Evolution Chamber  
  34  27:27  Drone  
  34  27:34  Zergling x2  
  35  27:39  Roach  
  37  27:45  Overlord  
  37  27:49  Ravager  
  38  28:05  Overlord  
  38  28:14  Pneumatized Carapace  
  38  28:26  Spore Crawler  
  37  28:28  Zergling x2  
  37  28:31  Zergling x2  
  37  28:34  Zergling x2  
  28  28:43  Zergling x4  
  28  28:45  Zergling x2  
  33  28:50  Zergling x4  
  33  28:53  Zergling x2  
Show
View Real Time Build Order
Export as new Build Order

Tino Protoss 

Build Orders: Blink Stalkers 

Get SALT Encoding   

  12  0:00  Protoss Ground Weapons Level 3, Protoss Shields Level 3, Protoss Ground Armor Level 3  
  12  0:06  Probe x12  
    0:08  Zerg Flyer Armor Level 3, Zerg Melee Weapons Level 3, Terran Ship Weapons Level 3, Terran Infantry Armor Level 3, Protoss Air Armor Level 3, Protoss Air Weapons Level 3, Terran Infantry Weapons Level 3, Zerg Missile Weapons Level 3, Terran Vehicle Weapons Level 3, Terran Vehicle And Ship Armor Level 3, Zerg Flyer Weapons Level 3, Zerg Ground Armor Level 3  
    0:18  Unknown  
    0:20  Protoss Ground Armor Level 2, Protoss Shields Level 2, Protoss Ground Weapons Level 2  
  12  0:22  Probe  
  13  0:29  Terran Infantry Weapons Level 2, Terran Vehicle And Ship Armor Level 2, Terran Vehicle Weapons Level 2, Protoss Air Weapons Level 2, Zerg Missile Weapons Level 2, Zerg Flyer Weapons Level 2, Terran Infantry Armor Level 2, Terran Ship Weapons Level 2, Zerg Melee Weapons Level 2, Zerg Ground Armor Level 2, Zerg Flyer Armor Level 2, Protoss Air Armor Level 2  
  13  0:37  Probe  
  14  0:43  Protoss Ground Weapons Level 1, Protoss Shields Level 1, Protoss Ground Armor Level 1  
  14  0:44  Pylon, Hyperflight Rotors, Blink  
  14  0:51  Terran Infantry Armor Level 1, Terran Vehicle Weapons Level 1, Zerg Flyer Weapons Level 1, Zerg Flyer Armor Level 1, Terran Vehicle And Ship Armor Level 1, Zerg Ground Armor Level 1, Protoss Air Armor Level 1, Terran Ship Weapons Level 1, Zerg Melee Weapons Level 1, Terran Infantry Weapons Level 1, Zerg Missile Weapons Level 1, Protoss Air Weapons Level 1  
  14  0:53  Probe  
  15  1:05  Weapon Refit, Resonating Glaives, Neosteel Armor, Warp Gate, Charge, Mag-Field Accelerator, Shadow Stride, Extended Thermal Lance, Stimpack  
  15  1:12  Adrenal Glands  
  15  1:13  Gateway  
  15  1:19  Personal Cloaking  
  15  1:26  Chitinous Plating, Combat Shield, Drilling Claws, Neosteel Frame, Psionic Storm, Neural Parasite, Centrifugal Hooks, Smart Servos, Cloaking Field, Enhanced Shockwaves, Corvid Reactor, Metabolic Boost, Infernal Pre-Igniter, Durable Materials, Tunneling Claws, Advanced Ballistics, Glial Reconstitution  
  15  1:27  Assimilator  
  15  1:34  Burrow, Grooved Spines, Muscular Augments  
  15  1:37  Probe  
  16  1:41  Anion Pulse-Crystals  
  16  1:48  Gravitic Boosters, Adaptive Talons, Gravitic Drive, Hi-Sec Auto Tracking, Rapid Reignition System, Pathogen Glands, Flux Vanes, Seismic Spines  
  16  1:49  Probe  
  16  1:50  Nexus  
  17  2:01  Probe  
  17  2:02  Pneumatized Carapace, Anabolic Synthesis, Concussive Shells  
  17  2:06  Cybernetics Core  
  18  2:13  Probe (Chrono Boost)  
  18  2:15  Pylon  
  19  2:30  Probe  
  21  2:45  Unknown  
  21  2:49  Probe x12  
    3:01  Unknown  
    3:03  Probe  
  13  3:15  Probe  
  14  3:24  Pylon  
  14  3:28  Probe  
  15  3:42  Probe  
  16  3:51  Gateway  
  16  3:59  Assimilator  
  16  4:00  Probe (Chrono Boost)  
  18  4:11  Probe (Chrono Boost)  
  18  4:16  Probe (Chrono Boost)  
  19  4:27  Probe  
  20  4:43  Cybernetics Core  
  20  4:46  Nexus  
  20  4:59  Pylon  
  20  5:05  Probe  
  21  5:17  Probe  
  21  5:18  Stalker (Chrono Boost)  
  24  5:29  Probe  
  25  5:44  Assimilator  
  25  5:49  Adept, Warp Gate (Chrono Boost)  
  27  6:17  Probe (Chrono Boost)  
  28  6:19  Probe (Chrono Boost)  
  29  6:28  Robotics Facility  
  29  6:29  Probe (Chrono Boost)  
  29  6:30  Probe (Chrono Boost)  
  31  6:34  Probe (Chrono Boost)  
  31  6:38  Probe  
  33  6:40  Adept  
  35  6:50  Probe x2  
  37  6:56  Pylon  
  37  7:02  Probe  
  38  7:10  Adept  
  40  7:17  Observer (Chrono Boost)  
  41  7:25  Gateway  
  41  7:27  Gateway  
  41  7:35  Twilight Council  
  41  7:40  Adept  
  43  7:52  Probe x2  
  45  7:59  Assimilator  
  45  8:01  Assimilator  
  45  8:04  Probe x2  
  45  8:05  Shield Battery  
  47  8:11  Charge (Chrono Boost)  
  47  8:17  Immortal (Chrono Boost)  
  51  8:27  Gateway  
  51  8:29  Gateway  
  51  8:31  Gateway  
  51  8:35  Pylon  
  51  8:36  Pylon  
  51  8:38  Pylon  
  51  8:39  Pylon  
  51  8:42  Pylon  
  51  8:58  Zealot x3  
  57  9:08  Immortal (Chrono Boost)  
  61  9:23  Templar Archives  
  61  9:25  Pylon  
  61  9:26  Pylon, Probe x2  
  61  9:27  Pylon  
  63  9:38  Probe  
  63  9:39  Probe  
  63  9:45  Adept x6  
  71  9:50  Probe, Resonating Glaives  
  71  9:51  Probe  
  79  9:58  Warp Prism (Chrono Boost)  
  81  10:10  Adept x4  
  81  10:11  Adept x2  
  93  10:27  Immortal  
  97  10:45  Probe x2  
  99  10:57  Probe x2  
  99  11:01  Nexus  
  99  11:02  Pylon  
  101  11:04  Assimilator  
  101  11:09  Assimilator, Probe  
  101  11:10  Probe, Adept x6  
  115  11:33  Protoss Ground Weapons Level 3, Protoss Shields Level 3, Protoss Ground Armor Level 3  
  115  11:44  Zerg Flyer Armor Level 3, Zerg Melee Weapons Level 3, Terran Ship Weapons Level 3, Terran Infantry Armor Level 3, Protoss Air Armor Level 3, Protoss Air Weapons Level 3, Terran Infantry Weapons Level 3, Zerg Missile Weapons Level 3, Terran Vehicle Weapons Level 3, Terran Vehicle And Ship Armor Level 3, Zerg Flyer Weapons Level 3, Zerg Ground Armor Level 3  
  115  11:46  Stalker x2  
  115  11:47  Stalker x3  
  125  11:56  Protoss Ground Armor Level 2, Protoss Shields Level 2, Protoss Ground Weapons Level 2  
  125  12:05  Terran Infantry Weapons Level 2, Terran Vehicle And Ship Armor Level 2, Terran Vehicle Weapons Level 2, Protoss Air Weapons Level 2, Zerg Missile Weapons Level 2, Zerg Flyer Weapons Level 2, Terran Infantry Armor Level 2, Terran Ship Weapons Level 2, Zerg Melee Weapons Level 2, Zerg Ground Armor Level 2, Zerg Flyer Armor Level 2, Protoss Air Armor Level 2  
  125  12:08  Pylon  
  125  12:09  Pylon  
  125  12:11  Pylon  
  125  12:13  Pylon  
  121  12:19  Protoss Ground Weapons Level 1, Protoss Shields Level 1, Protoss Ground Armor Level 1  
  121  12:20  Hyperflight Rotors, Blink  
  121  12:27  Terran Infantry Armor Level 1, Terran Vehicle Weapons Level 1, Zerg Flyer Weapons Level 1, Zerg Flyer Armor Level 1, Terran Vehicle And Ship Armor Level 1, Zerg Ground Armor Level 1, Protoss Air Armor Level 1, Terran Ship Weapons Level 1, Zerg Melee Weapons Level 1, Terran Infantry Weapons Level 1, Zerg Missile Weapons Level 1, Protoss Air Weapons Level 1  
  117  12:41  Weapon Refit, Resonating Glaives, Neosteel Armor, Warp Gate, Charge, Mag-Field Accelerator, Shadow Stride, Extended Thermal Lance, Stimpack  
  117  12:48  Adrenal Glands  
  115  12:55  Personal Cloaking  
  111  13:02  Chitinous Plating, Combat Shield, Drilling Claws, Neosteel Frame, Psionic Storm, Neural Parasite, Centrifugal Hooks, Smart Servos, Cloaking Field, Enhanced Shockwaves, Corvid Reactor, Metabolic Boost, Infernal Pre-Igniter, Durable Materials, Tunneling Claws, Advanced Ballistics, Glial Reconstitution  
  111  13:10  Burrow, Grooved Spines, Muscular Augments  
  109  13:17  Anion Pulse-Crystals  
  109  13:18  High Templar x6  
  121  13:23  Archon x3  
  121  13:24  Gravitic Boosters, Adaptive Talons, Gravitic Drive, Hi-Sec Auto Tracking, Rapid Reignition System, Pathogen Glands, Flux Vanes, Seismic Spines  
  121  13:38  Pneumatized Carapace, Anabolic Synthesis, Concussive Shells  
  119  14:21  Unknown  
    14:26  Probe x12  
    14:38  Unknown  
    14:40  Probe  
  13  14:53  Probe  
  14  15:00  Pylon  
  14  15:05  Probe  
  15  15:20  Gateway  
  15  15:30  Probe  
  15  15:34  Assimilator  
  16  15:42  Probe  
  17  15:54  Probe  
  18  16:06  Probe  
  19  16:17  Cybernetics Core  
  19  16:23  Nexus  
  19  16:32  Pylon  
  19  16:34  Probe (Chrono Boost)  
  20  16:45  Probe (Chrono Boost)  
  21  16:53  Stalker (Chrono Boost)  
  21  16:55  Warp Gate (Chrono Boost)  
  23  17:07  Gateway  
  23  17:11  Gateway  
  23  17:21  Adept  
  25  17:33  Robotics Facility  
  25  17:34  Protoss Ground Weapons Level 3, Protoss Shields Level 3, Protoss Ground Armor Level 3  
  25  17:45  Zerg Flyer Armor Level 3, Zerg Missile Weapons Level 3, Terran Vehicle Weapons Level 3, Terran Vehicle And Ship Armor Level 3, Probe (Chrono Boost), Terran Ship Weapons Level 3, Terran Infantry Armor Level 3, Zerg Melee Weapons Level 3, Zerg Flyer Weapons Level 3, Terran Infantry Weapons Level 3, Zerg Ground Armor Level 3  
  25  17:50  Probe (Chrono Boost)  
  27  17:53  Protoss Air Armor Level 3 (Chrono Boost), Protoss Air Weapons Level 3 (Chrono Boost), Adept  
  27  17:55  Probe (Chrono Boost)  
  27  17:57  Protoss Ground Armor Level 2, Protoss Shields Level 2, Protoss Ground Weapons Level 2  
  31  17:59  Probe (Chrono Boost)  
  31  18:06  Terran Infantry Weapons Level 2, Zerg Ground Armor Level 2, Terran Vehicle And Ship Armor Level 2, Terran Vehicle Weapons Level 2, Zerg Flyer Weapons Level 2, Zerg Melee Weapons Level 2, Terran Ship Weapons Level 2, Zerg Flyer Armor Level 2, Terran Infantry Armor Level 2, Zerg Missile Weapons Level 2  
  31  18:14  Protoss Air Weapons Level 2 (Chrono Boost), Protoss Air Armor Level 2 (Chrono Boost)  
  31  18:20  Protoss Ground Weapons Level 1, Protoss Shields Level 1, Protoss Ground Armor Level 1  
  31  18:21  Hyperflight Rotors, Blink  
  31  18:23  Pylon  
  31  18:28  Terran Infantry Armor Level 1, Terran Vehicle Weapons Level 1, Zerg Flyer Weapons Level 1, Zerg Flyer Armor Level 1, Terran Vehicle And Ship Armor Level 1, Zerg Ground Armor Level 1, Protoss Air Armor Level 1, Terran Ship Weapons Level 1, Zerg Melee Weapons Level 1, Terran Infantry Weapons Level 1, Zerg Missile Weapons Level 1, Protoss Air Weapons Level 1  
  31  18:41  Observer (Chrono Boost)  
  31  18:42  Weapon Refit, Resonating Glaives, Neosteel Armor, Warp Gate, Charge, Mag-Field Accelerator, Shadow Stride, Extended Thermal Lance, Stimpack  
  32  18:49  Adrenal Glands  
  32  18:54  Immortal (Chrono Boost)  
  32  18:56  Personal Cloaking  
  36  19:03  Chitinous Plating, Combat Shield, Drilling Claws, Neosteel Frame, Psionic Storm, Neural Parasite, Centrifugal Hooks, Smart Servos, Cloaking Field, Enhanced Shockwaves, Corvid Reactor, Metabolic Boost, Infernal Pre-Igniter, Durable Materials, Tunneling Claws, Advanced Ballistics, Glial Reconstitution  
  36  19:11  Burrow, Grooved Spines, Muscular Augments  
  36  19:18  Anion Pulse-Crystals  
  36  19:23  Twilight Council  
  36  19:25  Gravitic Boosters, Adaptive Talons, Gravitic Drive, Hi-Sec Auto Tracking, Rapid Reignition System, Pathogen Glands, Flux Vanes, Seismic Spines  
  36  19:39  Pneumatized Carapace, Anabolic Synthesis, Concussive Shells  
  36  20:22  Unknown  
  36  20:26  Probe x12  
    20:38  Unknown  
    20:42  Probe  
  13  20:54  Probe  
  14  21:04  Pylon  
  14  21:12  Probe  
  15  21:24  Probe  
  16  21:30  Gateway  
  16  21:37  Probe (Chrono Boost)  
  17  21:46  Pylon  
  17  21:48  Probe (Chrono Boost)  
  18  21:55  Assimilator, Probe  
  19  22:07  Probe  
  20  22:19  Probe  
  20  22:21  Cybernetics Core  
  21  22:32  Nexus  
  21  22:41  Probe  
  22  22:51  Warp Gate  
  22  22:53  Probe  
  22  22:55  Stalker (Chrono Boost)  
  25  23:13  Probe  
  26  23:24  Adept  
  28  23:39  Probe (Chrono Boost)  
  29  23:45  Probe (Chrono Boost)  
  30  23:51  Assimilator  
  30  23:54  Probe x2 (Chrono Boost)  
  32  24:02  Robotics Facility  
  32  24:09  Assimilator  
  32  24:10  Probe x2  
  32  24:11  Assimilator  
  32  24:14  Adept  
  36  24:22  Probe x2  
  38  24:25  Pylon  
  38  24:28  Twilight Council  
  38  24:44  Adept  
  40  24:51  Observer (Chrono Boost)  
  41  24:54  Probe x2  
  43  25:06  Probe x2  
  45  25:11  Immortal (Chrono Boost)  
  45  25:12  Resonating Glaives (Chrono Boost)  
  49  25:37  Gateway  
  49  25:39  Gateway  
  49  25:41  Gateway  
  49  25:42  Gateway  
  49  25:49  Gateway  
  49  25:51  Gateway  
  49  25:52  Pylon  
  49  25:54  Pylon  
  49  25:56  Pylon  
  49  26:00  Pylon  
  49  26:02  Adept  
  49  26:03  Pylon  
  51  26:07  Pylon  
  51  26:08  Immortal (Chrono Boost)  
  55  26:21  Probe x2  
  57  26:33  Probe x2  
  59  26:41  Warp Prism  
  59  26:44  Charge  
  59  26:45  Probe x2  
  63  26:56  Gateway  
  63  26:57  Probe x2  
  65  27:02  Templar Archives  
  65  27:08  Adept  
  67  27:15  Adept x4  
  67  27:16  Adept x2  
  79  28:16  Zealot x8  
Tags
 
Composition
Blink Stalkers
Matchup
PvZ
Spawn Locations
Cross Positions
Add a new tag
Caveats
  • Supply blocks, unpowered buildings, or Contaminate may cause inaccurate times.
  • Supply counts are checked every 10 seconds.